 Dungeon Crawl Stone Soup version 0.29.0-4-gdea44cf6ec (webtiles) character file.

Game seed: 3183858713111260505

73 qw the Chopper (level 4, 0/26 HPs)
             Began as a Tengu Warper on Aug 28, 2022.
             Slain by Terence
             ... wielding a +0 short sword
              (3 damage)
             ... on level 2 of the Dungeon.
             The game lasted 00:00:08 (1086 turns).

qw the Chopper (Tengu Warper)                       Turns: 1086, Time: 00:00:08

Health: 0/26       AC:  3    Str: 14    XL:     4   Next: 27%
Magic:  8/8        EV: 12    Int: 13    God:
Gold:   67         SH:  0    Dex: 19    Spells: 7/7 levels left

rFire   . . .      SeeInvis .   Y - +1 hand axe
rCold   . . .      Faith    .   (no shield)
rNeg    . . .      Spirit   .   b - +0 leather armour
rPois   .          Reflect  .   (helmet restricted)
rElec   .          Harm     .   (no cloak)
rCorr   .          Rampage  .   (no gloves)
Will    .....                   (boots unavailable)
Stlth   +.........              (no amulet)
HPRegen 0.08/turn               f - +6 ring of dexterity
MPRegen 0.11/turn               (no ring)

@: no status effects
A: beak, talons 3
a: no special abilities


You were on level 2 of the Dungeon.
You visited 1 branch of the dungeon, and saw 2 of its levels.

You collected 67 gold pieces.


Innate Abilities, Weirdness & Mutations

You have a beak for a mouth.
You have claws for feet.


   Skills:
 - Level 2.0 Fighting
 + Level 4.9 Axes
 - Level 1.0 Throwing
 - Level 1.1 Armour
 - Level 2.1 Dodging
 - Level 2.0 Spellcasting
 - Level 2.4 Translocations


You had 7 spell levels left.
You didn't know any spells.
Your spell library contained the following spells:

 Spells                   Type           Power      Damage    Failure   Level
 Blink                    Tloc           14%        N/A       19%         2
 Gell's Gravitas          Tloc           7%         N/A       34%         3
 Lesser Beckoning         Tloc           7%         N/A       34%         3
 Teleport Other           Tloc           7%         N/A       34%         3
 Manifold Assault         Tloc           7%         N/A       97%         5

Inventory:

Hand Weapons
 d - a +0 whip
 Y - a +1 hand axe (weapon)
Armour
 b - a +0 leather armour (worn)
Jewellery
 f - a +6 ring of dexterity (left hand)
Potions
 i - a potion of degeneration {unknown}
 j - a potion of ambrosia {unknown}

Dungeon Overview and Level Annotations

Branches:
Dungeon (2/15)

Altars:

Annotations:
D:2 Terence


Message History

You hit Terence. Your kick misses Terence. You peck Terence.
Terence is lightly wounded.
Terence completely misses you.
You hit Terence.
Terence is moderately wounded.
Terence hits you with a +0 short sword.
You barely miss Terence.
Terence is moderately wounded.
Terence hits you but does no damage. Terence hits you with a +0 short sword.
You hit Terence but do no damage.
Terence is moderately wounded.
Terence barely misses you.
You hit Terence. Your kick misses Terence.
Terence is heavily wounded.
Terence drinks a potion.
Terence is healed!
You closely miss Terence.
Terence is lightly wounded.
Terence hits you with a +0 short sword.
You barely miss Terence. Your kick misses Terence.
You peck Terence, but do no damage.
Terence is lightly wounded.
Terence hits you with a +0 short sword.
You hit Terence but do no damage. Your kick misses Terence.
Terence is lightly wounded.
Terence hits you with a +0 short sword.
You barely miss Terence.
Terence is lightly wounded.
Terence hits you with a +0 short sword.
You hit Terence. Your kick misses Terence. You peck Terence, but do no damage.
Terence is moderately wounded.
Terence barely misses you.
You hit Terence but do no damage. You claw Terence, but do no damage.
You peck Terence.
Terence is moderately wounded.
Terence hits you with a +0 short sword.
You hit Terence but do no damage. You claw Terence, but do no damage.
Your peck misses Terence.
Terence is moderately wounded.
Terence hits you with a +0 short sword.
You die...

............########
.(....##...........#
..
....####.#########..
... ....####.### #...
...........# ##...
.....####..#######...#
....## #...##.....#
....# #........@.#
....# ##......@..#
....# #....$....#
....# #.........#
....# #.........#
.#### #.######### $#
#.# .# #. ## #. #


You could see Terence.

Vanquished Creatures
  A hound (D:2)
  An adder (D:2)
  5 ball pythons
  4 giant cockroaches
  4 goblins
  4 hobgoblins
  3 kobolds (D:1)
  A quokka (D:1)
  2 bats
  3 frilled lizards
  3 rats
31 creatures vanquished.

Notes
Turn   | Place    | Note
-------+----------+-------------------------------------------
     0 | D:1      | qw the Tengu Warper began the quest for the Orb.
     0 | D:1      | Reached XP level 1. HP: 12/12 MP: 4/4
     0 | D:1      | 0 ||| qw: Version: 0.1-a-89-g26bdef1
     0 | D:1      | 0 ||| qw: Game counter: 2115
     0 | D:1      | 0 ||| qw: Always use a shield: true
     0 | D:1      | 0 ||| qw: God list: Okawaru
     0 | D:1      | 0 ||| qw: Allow faded altars: false
     0 | D:1      | 0 ||| qw: Do Orc after D:15 true
     0 | D:1      | 0 ||| qw: Do second Lair branch before Depths: true
     0 | D:1      | 0 ||| qw: Lair rune preference: random
     0 | D:1      | 0 ||| qw: Plans: Normal
     0 | D:1      | 0 ||| PLANNING D:1-11
    37 | D:1      | 37 ||| Stepping ~*~*~tactically~*~*~ (stealth).
    64 | D:1      | 64 ||| Stepping ~*~*~tactically~*~*~ (stealth).
    69 | D:1      | 69 ||| Stepping ~*~*~tactically~*~*~ (stealth).
    71 | D:1      | 71 ||| Stepping ~*~*~tactically~*~*~ (stealth).
    72 | D:1      | 72 ||| Stepping ~*~*~tactically~*~*~ (stealth).
    79 | D:1      | 79 ||| Stepping ~*~*~tactically~*~*~ (stealth).
    83 | D:1      | Reached skill level 3 in Axes
    83 | D:1      | Reached XP level 2. HP: 14/17 MP: 6/6
    91 | D:1      | 91 ||| Stepping ~*~*~tactically~*~*~ (stealth).
   126 | D:1      | 126 ||| Stepping ~*~*~tactically~*~*~ (stealth).
   262 | D:1      | Found a faded altar of an unknown god.
   307 | D:1      | HP: 4/17 [constriction (1)]
   624 | D:1      | 624 ||| Stepping ~*~*~tactically~*~*~ (stealth).
   714 | D:1      | You fall into a shaft and drop 1 floor!
   739 | D:2      | Reached XP level 3. HP: 19/21 MP: 7/7
   758 | D:2      | 758 ||| Stepping ~*~*~tactically~*~*~ (stealth).
   759 | D:2      | 759 ||| Stepping ~*~*~tactically~*~*~ (stealth).
   763 | D:2      | 763 ||| Stepping ~*~*~tactically~*~*~ (stealth).
   764 | D:2      | 764 ||| Stepping ~*~*~tactically~*~*~ (stealth).
   765 | D:2      | 765 ||| Stepping ~*~*~tactically~*~*~ (stealth).
   766 | D:2      | 766 ||| Stepping ~*~*~tactically~*~*~ (stealth).
   768 | D:2      | 768 ||| Stepping ~*~*~tactically~*~*~ (stealth).
   769 | D:2      | 769 ||| Stepping ~*~*~tactically~*~*~ (stealth).
   771 | D:2      | 771 ||| Stepping ~*~*~tactically~*~*~ (stealth).
   777 | D:2      | 777 ||| Stepping ~*~*~tactically~*~*~ (stealth).
   778 | D:2      | 778 ||| Stepping ~*~*~tactically~*~*~ (stealth).
   779 | D:2      | 779 ||| Stepping ~*~*~tactically~*~*~ (stealth).
   780 | D:2      | 780 ||| Stepping ~*~*~tactically~*~*~ (stealth).
   786 | D:2      | Reached skill level 4 in Axes
   787 | D:2      | 787 ||| DROPPING +0 robe of positive energy.
   788 | D:2      | 788 ||| UPGRADING to +6 ring of dexterity.
   789 | D:2      | 789 ||| READING scroll labelled MAMUVV WYADGH.
   790 | D:2      | 790 ||| READING scroll labelled GIULYTHREOGO.
   794 | D:2      | 794 ||| Stepping ~*~*~tactically~*~*~ (stealth).
   796 | D:2      | 796 ||| Stepping ~*~*~tactically~*~*~ (stealth).
   804 | D:2      | 804 ||| READING scroll labelled UTO KEGUSIFUI.
   805 | D:2      | 805 ||| READING scroll labelled MUESYI VIHI.
   810 | D:2      | 810 ||| DROPPING scroll of blinking.
   811 | D:2      | 811 ||| Stepping ~*~*~tactically~*~*~ (stealth).
   812 | D:2      | 812 ||| Stepping ~*~*~tactically~*~*~ (stealth).
   865 | D:2      | Reached XP level 4. HP: 15/26 MP: 8/8
  1064 | D:2      | Noticed Terence
  1083 | D:2      | HP: 5/26 [Terence/+0 short sword (3)]
  1086 | D:2      | Slain by Terence

Levels and vault maps discovered:
D:1:      dpeg_arrival_tiny_c, layout_basic,
          hellmonk_ecumenical_altar_arch_garden, serial_shops,
          nicolae_diamond_shop
D:2:      layout_rooms, hangedman_abyss_or_decor_lesser_grid, uniq_terence

Skill      XL: |  1  2  3 |
---------------+----------+-----
Axes           | 3 4 |  4.9
Fighting       | |  2.0
Throwing       | |  1.0
Armour         | |  1.1
Dodging        | |  2.1
Spellcasting   | |  2.0
Translocations | |  2.4

Action                   |  1- 3 |  4- 6 || total
-------------------------+-------+-------++-------
Melee: Hand axe          |    57 |    12 ||    69
       Kick              |     9 |     2 ||    11
       Peck              |     8 |     4 ||    12
Throw: Boomerang         |     7 |       ||     7
  Use: Scroll            |     4 |       ||     4
Armor: Leather armour    |     9 |     1 ||    10
Dodge: Dodged            |    33 |     3 ||    36

Table legend:
 A = Non-vault XP
 B = Vault XP
 C = Vault XP percentage of total XP
 D = Non-vault monster count
 E = Vault monster count
 F = Vault count percentage of total count
                 A         B        C        D         E       F
            +---------+---------+-------+---------+---------+-------
      Total |     105 |       0 |   0.0 |      31 |       0 |   0.0
            +---------+---------+-------+---------+---------+-------
        D:1 |      30 |       0 |   0.0 |      19 |       0 |   0.0
        D:2 |      75 |       0 |   0.0 |      12 |       0 |   0.0
            +---------+---------+-------+---------+---------+-------
